Map: Scythe of Amon

Players

monk

  • Race: Terran Terran
  • Spawn Location: 5:00

sTkmonk

  • Race: Terran Terran
  • Spawn Location: 5:00

VOD

Have the link to the VOD?

Description

Time

  • Played on: Aug. 25, 2017, 7:18 p.m.
  • Length: 18:56
Show
View Real Time Build Order
Export as new Build Order

monk Terran 

Build Orders:  

Get SALT Encoding   

  12  0:06  SCV  
  13  0:23  SCV  
  13  0:28  Supply Depot  
  15  0:40  Refinery, SCV  
  16  1:01  Refinery, SCV  
  16  1:18  SCV  
  17  1:35  SCV  
  18  1:41  Factory  
  19  1:52  SCV  
  19  2:00  Supply Depot  
  19  2:09  SCV  
  20  2:26  SCV  
  21  2:43  SCV  
  21  2:44  Armory  
  23  3:00  SCV, Factory Tech Reactor  
  23  3:17  SCV  
  23  3:19  Supply Depot  
  24  3:34  SCV  
  25  3:41  Factory Tech Reactor  
  26  3:50  Terran Vehicle and Ship Weapons Level 1  
  26  3:51  SCV  
  26  4:08  SCV  
  27  4:25  Starport, SCV  
  29  4:42  SCV  
  29  4:59  SCV  
  30  5:13  Upgrade Laser Drill Level 1  
  30  5:15  Starport Tech Reactor, SCV  
  31  5:26  Command Center  
  32  5:32  SCV  
  32  5:49  Refinery, SCV x2  
  34  5:50  Refinery  
  34  6:06  SCV  
  34  6:07  SCV  
  36  6:15  Devastation Turret  
  36  6:22  SCV  
  36  6:24  SCV  
  38  6:32  Terran Vehicle and Ship Weapons Level 2  
  38  6:39  SCV  
  40  6:41  SCV  
  40  6:56  Supply Depot, SCV  
  40  6:58  SCV  
  42  7:13  SCV  
  42  7:14  Siege Tank x2  
  42  7:15  SCV  
  50  7:21  Science Vessel  
  50  7:27  Hercules  
  56  7:30  SCV  
  56  7:36  Supply Depot, SCV  
  57  7:43  Maelstrom Rounds  
  57  7:45  Improved Nano-Repair  
  57  7:47  SCV  
  58  7:56  Siege Tank  
  62  8:01  SCV  
  62  8:06  Supply Depot  
  62  8:08  SCV  
  63  8:14  Science Vessel x2  
  68  8:20  SCV  
  68  8:25  SCV  
  69  8:34  Upgrade Laser Drill Level 2  
  69  8:37  SCV  
  71  8:40  Supply Depot  
  71  8:42  SCV  
  71  8:45  Siege Tank x3  
  71  9:06  SCV, Hercules  
  71  9:07  Science Vessel  
  72  9:14  Siege Tank x2  
  72  9:18  SCV  
  79  9:39  SCV  
  80  9:45  SCV  
  79  9:59  SCV  
  78  10:06  Science Vessel, Siege Tank  
  85  10:15  SCV  
  85  10:16  Supply Depot  
  85  10:18  Supply Depot, Terran Vehicle and Ship Weapons Level 3  
  85  10:20  SCV  
  85  10:38  SCV  
  85  10:39  Factory  
  86  10:46  Siege Tank  
  86  10:48  Supply Depot  
  86  10:49  Supply Depot  
  89  10:50  Goliath  
  91  11:11  Factory Tech Reactor  
  91  11:19  Ares-Class Targeting System  
  91  11:21  Goliath  
  91  11:22  Goliath, Supply Depot  
  91  11:24  Defensive Matrix  
  91  11:26  Supply Depot  
  95  11:39  Goliath x2  
  99  11:48  Siege Tank  
  99  11:53  Goliath  
  99  11:54  Supply Depot  
  99  11:57  Supply Depot  
  101  12:07  Goliath  
  103  12:11  Goliath x2  
  103  12:19  Multi-Lock Weapons System  
  107  12:30  Goliath  
  107  12:39  Goliath  
  111  12:43  Goliath  
  111  12:48  Goliath  
  115  13:01  Goliath  
  115  13:11  Goliath  
  115  13:25  Goliath x2  
  119  13:33  Goliath  
  121  13:43  Goliath  
  123  13:57  Goliath  
  125  14:04  Goliath  
  125  14:05  Goliath  
  129  14:15  Goliath, Advanced Optics  
  129  14:19  Supply Depot  
  131  14:23  Supply Depot  
  131  14:29  Goliath  
  133  14:34  Science Vessel  
  133  14:36  Goliath  
  133  14:37  Goliath  
  139  14:47  Goliath  
  141  14:51  Supply Depot  
  141  15:01  Siege Tank  
  141  15:08  Goliath  
  141  15:09  Goliath  
  148  15:13  Supply Depot  
  148  15:19  Goliath  
  150  15:30  Hercules x2  
  150  15:34  Supply Depot  
  150  15:37  Goliath  
  158  16:02  Hercules  
  158  16:03  Supply Depot  
  158  16:07  Goliath  
  158  16:08  Goliath x2  
  167  16:15  Regenerative Bio-Steel  
  159  16:33  Goliath  
  159  16:39  Goliath  
  161  16:40  Goliath x2  
  163  17:05  Goliath  
Show
View Real Time Build Order
Export as new Build Order

sTkmonk Terran 

Build Orders:  

Get SALT Encoding   

Tags
 
Commander
RaynorSwann
Matchup
Co-op
Replay Pack
Co-op Speedrun
Add a new tag
Caveats
  • Supply blocks, unpowered buildings, or Contaminate may cause inaccurate times.
  • Supply counts are checked every 10 seconds.